 Dungeon Crawl Stone Soup version 0.25.0-46-gbd7b0854d2 (webtiles) character file.

Game seed: 16926283212555537859

28 Gwenloh the Charmwright (level 3, -7/28 HPs)
             Began as a Merfolk Skald on July 17, 2020.
             Mangled by a worm (8 damage)
             ... on level 1 of the Dungeon.
             The game lasted 00:04:31 (1070 turns).

Gwenloh the Charmwright (Merfolk Skald)             Turns: 1070, Time: 00:04:32

Health: -7/28      AC:  3    Str: 11    XL:     3   Next: 14%
Magic:  0/6        EV: 12    Int: 19    God:
Gold:   54         SH:  0    Dex: 13    Spells: 1/6 levels left

rFire    . . .     SeeInvis .   a - +0 spear
rCold    . . .     Gourm    .   (no shield)
rNeg     . . .     Faith    .   b - +0 leather armour
rPois    .         Spirit   .   (no helmet)
rElec    .         Reflect  .   (no cloak)
rCorr    .         Harm     .   (no gloves)
MR       .....                  (no boots)
Stlth    +.........             (no amulet)
HPRegen  0.09/turn              h - +6 ring of intelligence
MPRegen  0.10/turn              j - ring of flight

@: no status effects
A: change form in water, swift swim, stealthy swim
a: Evoke Flight


You were on level 1 of the Dungeon.
You were hungry.

You visited 1 branch of the dungeon, and saw 2 of its levels.

You collected 54 gold pieces.

Inventory:

Hand Weapons
 a - a +0 spear (weapon)
Missiles
 i - 6 stones (quivered)
Armour
 b - a +0 leather armour (worn)
 l - a +0 ring mail
Jewellery
 h - a +6 ring of intelligence (left hand)
 j - a ring of flight (right hand)
 k - an uncursed ring of ice {unknown}
Scrolls
 c - a scroll of fear {unknown}
 e - a scroll of blinking {unknown}
 g - a scroll of identify {unknown}
Potions
 m - a potion of curing {unknown}
Comestibles
 d - 2 rations


   Skills:
 + Level 2.3 Fighting
 * Level 3.7 Polearms
 - Level 0.6 Armour
 + Level 3.1 Dodging
 + Level 2.1 Spellcasting
 * Level 3.7 Charms
 + Level 0.1 Translocations


You had one spell level left.
You knew the following spells:

 Your Spells              Type           Power        Failure   Level  Hunger
a - Infusion              Chrm           ###.         4%          1    #......
b - Song of Slaying       Chrm           ###.....     7%          2    ##.....
c - Shroud of Golubria    Chrm/Tloc      #.....       16%         2    ##.....

Your spell library contained the following spells:

 Spells                   Type           Power        Failure   Level  Hunger
 Ozocubu's Armour         Chrm/Ice       #.......     30%         3    ###....
 Spectral Weapon          Hex/Chrm       #.......     30%         3    ###....


Dungeon Overview and Level Annotations

Branches:
Dungeon (2/15)

Altars:


Message History

Aim: a worm You reach to attack!
You hit the worm!
The worm is moderately wounded.
Evoke which item? (* to show all) (? for menu, Esc to quit)
Attack whom?
Press: ? - help, Dir - move target cursor, f/p - worm
Aim: a worm (moderately wounded)
You reach to attack!
You hit the worm.
The worm is severely wounded.
You hit the worm.
The worm is severely wounded.
You hit the worm.
The worm is almost dead.
The worm bites you!
* * * LOW HITPOINT WARNING * * *
You hit the worm.
The worm is almost dead.
You are no longer magically infusing your attacks.
The worm bites you!
You die...

### ###.#########.#.## #.##
#.# #..# #....##.#.# #.#. #.#
##.####....##.#.# #... #.#
#..........##.#.# ###. #.#
#..........##.#.##### ## #.#
#.#.....(...........# ## #.#
#.#.###.#.w#........###. #.#
#.#.# #w#..#............ #.#
#.#.# #@#...........###.
#.####.#.###.##.#........####
#.....#......##..............
######.#.######.#>.......####
#.#.# #.########.# #.#.#
##.## #.#
#.#.#####...#######.#
##.#.##..............####
####....##.##...######......


You could see a worm.

Vanquished Creatures
  3 dart slugs (D:1)
  2 bats (D:1)
  A hobgoblin (D:1)
  2 jackals (D:1)
  4 frilled lizards (D:1)
  3 goblins (D:1)
  4 kobolds (D:1)
  4 rats (D:1)
23 creatures vanquished.

Notes
Turn   | Place    | Note
-------+----------+-------------------------------------------
     0 | D:1      | Gwenloh the Merfolk Skald began the quest for the Orb.
     0 | D:1      | Reached XP level 1. HP: 16/16 MP: 3/3
     6 | D:1      | Noticed a swamp worm
     6 | D:1      | Noticed a black bear
     7 | D:1      | Noticed a rime drake
   358 | D:1      | Reached XP level 2. HP: 22/22 MP: 5/5
   382 | D:1      | Learned a level 2 spell: Song of Slaying
   385 | D:1      | Learned a level 2 spell: Shroud of Golubria
   841 | D:1      | Reached XP level 3. HP: 28/28 MP: 1/6
  1069 | D:1      | HP: 1/28 [worm (11)]
  1070 | D:1      | Mangled by a worm

Illustrated notes

Levels and vault maps discovered:
D:1:      onia_arrival_zoo_common, layout_loops_ring
D:2:      layout_rooms, marbit_many_paths,
          chequers_ecumenical_altar_simple_redux, uniq_sigmund

Skill      XL: |  1 |
---------------+----+-----
Dodging        | 3 |  3.1
Fighting       | |  2.3
Polearms       | |  3.7
Armour         | |  0.6
Spellcasting   | |  2.1
Charms         | |  3.7
Translocations | |  0.1

Action                   || total
-------------------------++-------
Melee: Spear             ||    60
Throw: Stone             ||     1
 Cast: Infusion          ||    10
       Shroud of Golubri ||     1
       Song of Slaying   ||     1
 Stab: Sleeping          ||     1
Armor: Leather armour    ||     9
Dodge: Dodged            ||    19
